TOP OF THE 1ST |
---|
St Charles Sheens batting - Pitching for Philadelphia Athletics : RHP George Nelson | Pitching: RHP George Nelson | | Batting: RHB Sergio Pujols | 0-0: Ball 1-0: Called Strike 1-1: TRIPLE (Line Drive, 8LXD) | Batting: RHB Jesús Hernández | 0-0: Ball 1-0: Called Strike 1-1: Called Strike 1-2: Foul Ball, location: 2F 1-2: Fly out, F5 (Popup, 5SF) | Batting: RHB Miguel Encarnación | 0-0: Ball 1-0: Ball 2-0: Foul Ball, location: 2F 2-1: Foul Ball, location: 2F 2-2: Ball 3-2: TRIPLE (Flyball, 78XD) Sergio Pujols scores | Batting: LHB Juan Jose Rojas | 0-0: Swinging Strike 0-1: Ball 1-1: SINGLE (Groundball, 56D) Miguel Encarnación scores | Batting: RHB Dan Tyler | 0-0: Foul Ball, location: 2F 0-1: Ground out 3-1 (Groundball, 34S) Juan Jose Rojas to second | Batting: SHB Henry Copeland | 0-0: Swinging Strike 0-1: Swinging Strike 0-2: Ball 1-2: Ball 2-2: Strikes out swinging | Top of the 1st over - 2 runs, 3 hits, 0 errors, 1 left on base; St Charles 2 - Philadelphia 0 | BOTTOM OF THE 1ST |
---|
Philadelphia Athletics batting - Pitching for St Charles Sheens : LHP António Coronado | Pitching: LHP António Coronado | | Batting: RHB Tomás Estrada | 0-0: Foul Ball, location: 2F 0-1: Called Strike 0-2: Ball 1-2: Foul Ball, location: 2F 1-2: Ball 2-2: Ball 3-2: Ground out 6-3 (Groundball, 6) | Batting: LHB Robinson Fernández | 0-0: Ball 1-0: Ball 2-0: Ball 3-0: SINGLE (Groundball, 4MD) | Batting: RHB Edward Holloway | 0-0: Ball 1-0: Fly out, F9 (Flyball, 89D) | Batting: RHB Valentín Borges | 0-0: Called Strike 0-1: Ball 1-1: Foul Ball, location: 2F 1-2: Ball 2-2: Ball 3-2: Strikes out swinging | Bottom of the 1st over - 0 runs, 1 hit, 0 errors, 1 left on base; St Charles 2 - Philadelphia 0 | TOP OF THE 2ND |
---|
St Charles Sheens batting - Pitching for Philadelphia Athletics : RHP George Nelson | Batting: LHB Jason Lambert | 0-0: Ball 1-0: Ground out 5-3 (Groundball, 56) | Batting: RHB Rob Brady | 0-0: Foul Ball, location: 2F 0-1: Ball 1-1: Ball 2-1: Foul Ball, location: 2F 2-2: Ball 3-2: Foul Ball, location: 2F 3-2: Ground out U3 (Groundball, 34S) | Batting: LHB Larry Howard | 0-0: Called Strike 0-1: Ball 1-1: Swinging Strike 1-2: Strikes out swinging | Top of the 2nd over - 0 runs, 0 hits, 0 errors, 0 left on base; St Charles 2 - Philadelphia 0 | BOTTOM OF THE 2ND |
---|
Philadelphia Athletics batting - Pitching for St Charles Sheens : LHP António Coronado | Batting: LHB Arturo Molina | 0-0: Ball 1-0: Ball 2-0: Called Strike 2-1: Called Strike 2-2: Fly out, F6 (Popup, 6M) | Batting: RHB Anastasio Villa | 0-0: Fly out, F9 (Flyball, 89D) | Batting: LHB Brian Boone | 0-0: Ball 1-0: Called Strike 1-1: Ground out 5-3 (Groundball, 56) | Bottom of the 2nd over - 0 runs, 0 hits, 0 errors, 0 left on base; St Charles 2 - Philadelphia 0 | TOP OF THE 3RD |
---|
St Charles Sheens batting - Pitching for Philadelphia Athletics : RHP George Nelson | Batting: RHB Sergio Pujols | 0-0: Ball 1-0: Ground out 6-3 (Groundball, 6) | Batting: RHB Jesús Hernández | 0-0: Foul Ball, location: 2F 0-1: Called Strike 0-2: Ball 1-2: Ball 2-2: Ground out 6-3 (Groundball, 6D) | Batting: RHB Miguel Encarnación | 0-0: Ball 1-0: Called Strike 1-1: Ball 2-1: Ball 3-1: Foul Ball, location: 2F 3-2: Foul Ball, location: 2F 3-2: Base on Balls | Batting: LHB Juan Jose Rojas | 0-0: Called Strike 0-1: Called Strike 0-2: Ball 1-2: Strikes out swinging | Top of the 3rd over - 0 runs, 0 hits, 0 errors, 1 left on base; St Charles 2 - Philadelphia 0 | BOTTOM OF THE 3RD |
---|
Philadelphia Athletics batting - Pitching for St Charles Sheens : LHP António Coronado | Batting: RHB Eric Neal | 0-0: Swinging Strike 0-1: Ball 1-1: Foul Ball, location: 2F 1-2: Ball 2-2: Fly out, F7 (Flyball, 7LS) | Batting: SHB Héctor Padilla | 0-0: Called Strike 0-1: Ball 1-1: Ball 2-1: Foul Ball, location: 2F 2-2: Strikes out looking | Batting: RHB Tomás Estrada | 0-0: Called Strike 0-1: Foul Ball, location: 2F 0-2: Ball 1-2: SINGLE (Flyball, 8RS) | Batting: LHB Robinson Fernández | 0-0: Ground out 6-3 (Groundball, 6M) | Bottom of the 3rd over - 0 runs, 1 hit, 0 errors, 1 left on base; St Charles 2 - Philadelphia 0 | TOP OF THE 4TH |
---|
St Charles Sheens batting - Pitching for Philadelphia Athletics : RHP George Nelson | Batting: RHB Dan Tyler | 0-0: Ball 1-0: Called Strike 1-1: Called Strike 1-2: Ground out U3 (Groundball, 3) | Batting: SHB Henry Copeland | 0-0: Ball 1-0: Called Strike 1-1: Swinging Strike 1-2: Fly out, F5 (Popup, 5) | Batting: LHB Jason Lambert | 0-0: Foul Ball, location: 2F 0-1: Ball 1-1: Ball 2-1: Ball 3-1: Base on Balls | Batting: RHB Rob Brady | 0-0: Ball 1-0: 2-RUN HOME RUN (Flyball, 9D), Distance : 402 ft | Batting: LHB Larry Howard | 0-0: Called Strike 0-1: Ball 1-1: Swinging Strike 1-2: Strikes out looking | Top of the 4th over - 2 runs, 1 hit, 0 errors, 0 left on base; St Charles 4 - Philadelphia 0 | BOTTOM OF THE 4TH |
---|
Philadelphia Athletics batting - Pitching for St Charles Sheens : LHP António Coronado | Batting: RHB Edward Holloway | 0-0: Foul Ball, location: 2F 0-1: Fly out, F9 (Flyball, 9D) | Batting: RHB Valentín Borges | 0-0: Ball 1-0: Ball 2-0: Ball 3-0: Called Strike 3-1: Ground out 4-3 (Groundball, 34) | Batting: LHB Arturo Molina | 0-0: Ball 1-0: Ball 2-0: Ball 3-0: Base on Balls | Batting: RHB Anastasio Villa | 0-0: Ball 1-0: Swinging Strike 1-1: Fly out, F7 (Flyball, 7S) | Bottom of the 4th over - 0 runs, 0 hits, 0 errors, 1 left on base; St Charles 4 - Philadelphia 0 | TOP OF THE 5TH |
---|
St Charles Sheens batting - Pitching for Philadelphia Athletics : RHP George Nelson | Batting: RHB Sergio Pujols | 0-0: Fly out, F8 (Flyball, 8RM) | Batting: RHB Jesús Hernández | 0-0: SINGLE (Line Drive, 6D) | Batting: RHB Miguel Encarnación | 0-0: Called Strike 0-1: Ball 1-1: Ball 2-1: Ball 3-1: Base on Balls Jesús Hernández to second | Batting: LHB Juan Jose Rojas | 0-0: Called Strike 0-1: Ball 1-1: Foul Ball, location: 2F 1-2: Strikes out looking | Batting: RHB Dan Tyler | 0-0: Fly out, F8 (Flyball, 8RD) | Top of the 5th over - 0 runs, 1 hit, 0 errors, 2 left on base; St Charles 4 - Philadelphia 0 | BOTTOM OF THE 5TH |
---|
Philadelphia Athletics batting - Pitching for St Charles Sheens : LHP António Coronado | Batting: LHB Brian Boone | 0-0: Called Strike 0-1: Ball 1-1: Ball 2-1: Foul Ball, location: 2F 2-2: Ball 3-2: Base on Balls | Batting: RHB Eric Neal | 0-0: Grounds into double play, 5-4-3 (Groundball, 56) | Batting: SHB Héctor Padilla | 0-0: Fly out, F8 (Flyball, 8RS) | Bottom of the 5th over - 0 runs, 0 hits, 0 errors, 0 left on base; St Charles 4 - Philadelphia 0 | TOP OF THE 6TH |
---|
St Charles Sheens batting - Pitching for Philadelphia Athletics : RHP George Nelson | Batting: SHB Henry Copeland | 0-0: Called Strike 0-1: Fly out, F9 (Flyball, 9D) | Batting: LHB Jason Lambert | 0-0: Ball 1-0: Ball 2-0: Foul Ball, location: 2F 2-1: Ball 3-1: Swinging Strike 3-2: SINGLE (Groundball, 56D) | Batting: RHB Rob Brady | 0-0: Swinging Strike 0-1: SINGLE (Line Drive, 7LS) Jason Lambert to second | Batting: LHB Larry Howard | 0-0: Called Strike 0-1: Ball 1-1: Foul Ball, location: 2F 1-2: Ball 2-2: Fly out, F7 (Flyball, 7D) | Batting: RHB Sergio Pujols | 0-0: Ball 1-0: Ball 2-0: Called Strike 2-1: Ball 3-1: Foul Ball, location: 2F 3-2: Strikes out swinging | Top of the 6th over - 0 runs, 2 hits, 0 errors, 2 left on base; St Charles 4 - Philadelphia 0 | BOTTOM OF THE 6TH |
---|
Philadelphia Athletics batting - Pitching for St Charles Sheens : LHP António Coronado | Batting: RHB Tomás Estrada | 0-0: Ball 1-0: Called Strike 1-1: DOUBLE (Groundball, 5L) | Batting: LHB Robinson Fernández | 0-0: Fly out, F6 (Line Drive, 6) | Batting: RHB Edward Holloway | 0-0: Ball 1-0: Ball 2-0: Reached via error on a dropped throw, E1 Tomás Estrada to third | Batting: RHB Valentín Borges | 0-0: Foul Ball, location: 2F 0-1: Called Strike 0-2: Ball 1-2: Grounds into double play, 4-6-3 (Groundball, 4) | Bottom of the 6th over - 0 runs, 1 hit, 1 error, 1 left on base; St Charles 4 - Philadelphia 0 | TOP OF THE 7TH |
---|
St Charles Sheens batting - Pitching for Philadelphia Athletics : RHP George Nelson | Pitching: RHP Ricardo Pérez | | Batting: RHB Jesús Hernández | 0-0: Called Strike 0-1: Fly out, F7 (Flyball, 78S) | Batting: RHB Miguel Encarnación | 0-0: Ball 1-0: Foul Ball, location: 2F 1-1: Swinging Strike 1-2: Ball 2-2: Fly out, F7 (Flyball, 7) | Batting: LHB Juan Jose Rojas | 0-0: Ball 1-0: Ball 2-0: Ball 3-0: Called Strike 3-1: SINGLE (Line Drive, 7LS) | Batting: RHB Dan Tyler | 0-0: Foul Ball, location: 2F 0-1: Called Strike 0-2: Ball 1-2: Ball 2-2: Ball 3-2: Strikes out swinging | Top of the 7th over - 0 runs, 1 hit, 0 errors, 1 left on base; St Charles 4 - Philadelphia 0 | BOTTOM OF THE 7TH |
---|
Philadelphia Athletics batting - Pitching for St Charles Sheens : LHP António Coronado | Batting: LHB Arturo Molina | 0-0: Ground out 4-3 (Groundball, 34D) | Batting: RHB Anastasio Villa | 0-0: Called Strike 0-1: Ball 1-1: SINGLE (Groundball, 6D) | Batting: LHB Brian Boone | 0-0: Swinging Strike 0-1: 2-RUN HOME RUN (Flyball, 9LD), Distance : 378 ft | Batting: RHB Eric Neal | 0-0: Called Strike 0-1: Ball 1-1: Foul Ball, location: 2F 1-2: Ball 2-2: Ground out 6-3 (Groundball, 6S) | Batting: SHB Héctor Padilla | 0-0: Ball 1-0: Called Strike 1-1: Swinging Strike 1-2: Foul Ball, location: 2F 1-2: Strikes out swinging, 2-3 out at first. | Bottom of the 7th over - 2 runs, 2 hits, 0 errors, 0 left on base; St Charles 4 - Philadelphia 2 | TOP OF THE 8TH |
---|
St Charles Sheens batting - Pitching for Philadelphia Athletics : RHP Ricardo Pérez | Batting: SHB Henry Copeland | 0-0: Foul Ball, location: 2F 0-1: Ball 1-1: Ball 2-1: Called Strike 2-2: Strikes out swinging | Pitching: LHP Mario Tobías | | Batting: LHB Jason Lambert | 0-0: Ball 1-0: Called Strike 1-1: Foul Ball, location: 2F 1-2: Ball 2-2: SINGLE (Groundball, 56D) | Pitching: RHP Kijuro Shini | | Batting: RHB Rob Brady | 0-0: Called Strike Jason Lambert is caught stealing 2nd base 0-1: Ground out 5-3 (Groundball, 5L) | Top of the 8th over - 0 runs, 1 hit, 0 errors, 0 left on base; St Charles 4 - Philadelphia 2 | BOTTOM OF THE 8TH |
---|
Philadelphia Athletics batting - Pitching for St Charles Sheens : LHP António Coronado | Pitching: RHP Irwin Conway | | Batting: RHB Tomás Estrada | 0-0: Ball 1-0: Ball 2-0: DOUBLE (Line Drive, 89D) | Batting: LHB Robinson Fernández | 0-0: Fly out, F7 (Flyball, 7LM) | Batting: RHB Edward Holloway | 0-0: Ball 1-0: Ball 2-0: Fly out, F2 (Popup, 2LF) | Batting: RHB Valentín Borges | 0-0: Called Strike 0-1: Ball 1-1: Foul Ball, location: 2F 1-2: Strikes out swinging | Bottom of the 8th over - 0 runs, 1 hit, 0 errors, 1 left on base; St Charles 4 - Philadelphia 2 | TOP OF THE 9TH |
---|
St Charles Sheens batting - Pitching for Philadelphia Athletics : RHP Kijuro Shini | Pitching: LHP Josh Chamberlain | | Batting: LHB Larry Howard | 0-0: Ball 1-0: Ball 2-0: Ball 3-0: Called Strike 3-1: Base on Balls | Pitching: RHP Ernesto Beltrán | | Batting: RHB Sergio Pujols | 0-0: Ball 1-0: Swinging Strike 1-1: Foul Ball, location: 2F 1-2: Ball 2-2: TRIPLE (Line Drive, 89XD) Larry Howard scores | Batting: RHB Jesús Hernández | 0-0: Ball 1-0: Ball 2-0: Called Strike 2-1: Foul Ball, location: 2F 2-2: Foul Ball, location: 2F 2-2: Ball 3-2: Ground out 5-3 (Groundball, 25) | Batting: RHB Miguel Encarnación | 0-0: Ball 1-0: Swinging Strike 1-1: Ball 2-1: Foul Ball, location: 2F 2-2: Foul Ball, location: 2F 2-2: Strikes out looking | Batting: LHB Juan Jose Rojas | 0-0: Ball 1-0: Ball 2-0: Called Strike 2-1: SINGLE (Line Drive, 6MD) Sergio Pujols scores | Batting: RHB Dan Tyler | 0-0: Ball 1-0: Ball 2-0: SINGLE (Groundball, 3D) Juan Jose Rojas to second Runner from 2nd tries for 3rd, SAFE, no throw | Batting: SHB Henry Copeland | 0-0: Ball 1-0: Fielders Choice at 2nd, U6 (Groundball, 6M) | Top of the 9th over - 2 runs, 3 hits, 0 errors, 2 left on base; St Charles 6 - Philadelphia 2 | BOTTOM OF THE 9TH |
---|
Philadelphia Athletics batting - Pitching for St Charles Sheens : RHP Irwin Conway | Batting: LHB Arturo Molina | 0-0: Ball 1-0: Ball 2-0: Swinging Strike 2-1: Ball 3-1: Base on Balls | Batting: RHB Anastasio Villa | 0-0: Fly out, F7 (Flyball, 78M) | Batting: LHB Brian Boone | 0-0: Fielders Choice at 2nd, 6-4 (Groundball, 6) | Batting: RHB Eric Neal | 0-0: Fly out, F7 (Flyball, 7) | Bottom of the 9th over - 0 runs, 0 hits, 0 errors, 1 left on base; St Charles 6 - Philadelphia 2 | |